 Dungeon Crawl Stone Soup version 0.25-a0-110-ge29c8f2358 (webtiles) character file.

Game seed: 15626054374828834837, levelgen mode: deterministic

82665 MisterFreud the Spry (level 15, -21/103 HPs)
             Began as an Octopode Gladiator on Nov 19, 2019.
             Was the Champion of Cheibriados.
             Blown up by an orb spider (51 damage)
             ... with an orb of destruction
             ... on level 1 of the Spider Nest.
             The game lasted 00:57:18 (22986 turns).

MisterFreud the Spry (Octopode Gladiator)          Turns: 22986, Time: 00:57:19

Health: -21/103    AC: 10    Str: 28    XL:     15   Next: 74%
Magic:  21/21      EV: 33    Int: 31    God:    Cheibriados [******]
Gold:   284        SH:  3    Dex: 30    Spells: 16/22 levels left

rFire    . . .     SeeInvis .   D - +6 great sword "Kuazirch" {vamp, rC+}
rCold    + + .     Gourm    .   (shield currently unavailable)
rNeg     . . .     Faith    .   b - +0 hat
rPois    +         Spirit   .   X - +3 amulet of reflection
rElec    .         Reflect  +   n - ring of protection from cold
rCorr    .         Harm     .   x - ring of poison resistance
MR       ++...                  H - +5 ring of protection
Stlth    +++.......             r - +4 ring of protection
HPRegen  0.27/turn              C - ring of protection from magic
MPRegen  0.17/turn              E - ring of flight
                                (no ring)
                                (no ring)

@: lethally poisoned (-21 -> -22), very slow
A: almost no armour, stealthy swim, amphibious, 8 rings, constrict 8, camouflage
1, gelatinous body 1
a: Bend Time, Temporal Distortion, Slouch, Step From Time, Renounce Religion,
Evoke Flight


You were on level 1 of the Spider Nest.
You worshipped Cheibriados.
Cheibriados was exalted by your worship.
You were not hungry.

You visited 5 branches of the dungeon, and saw 25 of its levels.
You visited 1 bazaar.
You also visited: Ice Cave.

You collected 2346 gold pieces.
You spent 2062 gold pieces at shops.

Inventory:

Hand Weapons
 D - the +6 great sword "Kuazirch" (weapon) {vamp, rC+}
   (You found it on level 13 of the Dungeon)

   It inflicts no extra harm, but heals its wielder when it wounds a living foe.
   It protects you from cold.
 K - the +10 dagger "Nozisoj" {antimagic, *Noise rElec Int+3}
   (You found it on level 7 of the Dungeon)

   It reduces the magical energy of the wielder, and disrupts the spells and
   magical abilities of those hit.
   Natural abilities and divine invocations are not affected.
   It affects your intelligence (+3).
   It insulates you from electricity.
   It may make noises in combat.
 Q - a +2 long sword of flaming
Missiles
 c - 8 throwing nets (quivered)
 h - 227 bolts
 o - 429 arrows
 t - 179 sling bullets
 w - 45 boomerangs
 J - 5 javelins
Armour
 b - a +0 hat (worn)
Jewellery
 n - a ring of protection from cold (left tentacle)
 r - a +4 ring of protection (on tentacle)
 x - a ring of poison resistance (right tentacle)
 C - a ring of protection from magic (on tentacle)
 E - a ring of flight (on tentacle)
 H - a +5 ring of protection (on tentacle)
 X - a +3 amulet of reflection (around mantle)
Wands
 e - a wand of polymorph (12)
 j - a wand of iceblast (5)
 A - a wand of acid (6)
 I - a wand of paralysis (16)
 L - a wand of flame (82)
 O - a wand of clouds (15)
Scrolls
 g - 3 scrolls of fear
 i - 4 scrolls of amnesia
 k - a scroll of enchant weapon
 u - 2 scrolls of magic mapping
 v - 16 scrolls of remove curse
 y - 3 scrolls of enchant armour
 F - a scroll of blinking
 G - 13 scrolls of teleportation
 R - 3 scrolls of fog
 Z - a scroll of brand weapon
Potions
 a - a potion of ambrosia
 f - 3 potions of magic
 l - a potion of cancellation
 p - 2 potions of flight
 q - 8 potions of curing
 s - 8 potions of lignification
 z - a potion of invisibility
 B - 7 potions of might
 N - a potion of mutation
 P - 2 potions of agility
 S - a potion of heal wounds
 U - 2 potions of brilliance
 Y - a potion of resistance
Miscellaneous
 m - a fan of gales
 T - a crystal ball of energy
 W - a box of beasts
Comestibles
 d - 46 rations


   Skills:
 - Level 10.0 Fighting
 - Level 14.0 Long Blades
 - Level 2.0 Throwing
 + Level 17.9 Dodging
   Level 7.9 Shields
 - Level 4.0 Spellcasting
 - Level 6.0 Charms
 + Level 1.6 Translocations
 - Level 6.0 Ice Magic
 - Level 6.0 Invocations
 - Level 6.0 Evocations


You had 16 spell levels left.
You knew the following spells:

 Your Spells              Type           Power        Failure   Level  Hunger
a - Ozocubu's Armour      Chrm/Ice       #####...     1%          3    ##.....
b - Lesser Beckoning      Tloc           ###.......   10%         3    ##.....

Your spell library contained the following spells:

 Spells                   Type           Power        Failure   Level  Hunger
 Freeze                   Ice            ####         1%          1    None
 Ensorcelled Hibernation  Hex/Ice        ###...       2%          2    None
 Throw Frost              Conj/Ice       ###...       2%          2    None
 Apportation              Tloc           ###...       3%          1    None
 Confusing Touch          Hex            #.....       6%          1    None
 Corona                   Hex            #......      6%          1    None
 Flame Tongue             Conj/Fire      #....        6%          1    None
 Summon Butterflies       Summ           #.......     6%          1    None
 Throw Flame              Conj/Fire      #.....       9%          2    None
 Ice Form                 Ice/Tmut       ###.....     17%         4    ####...
 Summon Ice Beast         Ice/Summ       ###.....     17%         4    ####...
 Throw Icicle             Conj/Ice       ###.....     17%         4    ####...
 Confuse                  Hex            #.......     19%         3    ##.....
 Conjure Flame            Conj/Fire      #.......     19%         3    ##.....
 Dazzling Spray           Conj/Hex       #.....       19%         3    ##.....
 Inner Flame              Hex/Fire       #.......     19%         3    ##.....
 Tukima's Dance           Hex            #.......     19%         3    ##.....
 Fulminant Prism          Conj/Hex       #.........   52%         4    ####...
 Sticky Flame             Conj/Fire      #.......     52%         4    ####...
 Alistair's Intoxication  Tmut/Pois      #.......     86%         5    #####..
 Fireball                 Conj/Fire      #.........   86%         5    #####..
 Yara's Violent Unravell  Hex/Tmut       #.........   86%         5    #####..
 Invisibility             Hex            #.......     100%        6    #######


Dungeon Overview and Level Annotations

Branches:
Dungeon (15/15)            Temple (1/1) D:5            Lair (6/6) D:8
 Shoals (0/4) Lair:3       Spider (1/4) Lair:3        Slime (0/5) Lair:5
    Orc (2/2) D:12            Elf (0/3) Orc:2        Vaults (0/5) D:13
 Depths (0/5) D:15          IceCv (visited)

Altars:
Ashenzari
Cheibriados
Dithmenos
Elyvilon
Fedhas
Hepliaklqana
Kikubaaqudgha
Nemelex Xobeh
Okawaru
Qazlal
Ru
Sif Muna
Trog
Vehumet
Xom
Yredelemnul
Zin
Beogh
Jiyva

Shops:
D:8 *   D:10 }   Orc:2 !*:(

Portals:
Pandemonium: Orc:2

Annotations:
D:6 3 runed translucent doors, Crazy Yiuf; Esekla's ghost, amateur DEWz
D:10 2 runed translucent doors, Ratty's ghost, novice DEFE
D:12 exclusion: oklob plant
Lair:1 exclusion: oklob plant


Innate Abilities, Weirdness & Mutations

You cannot wear most types of armour.
You are very stealthy in the water. (Stealth+)
You are amphibious.
You can wear up to eight rings at the same time.
You can use your tentacles to constrict eight enemies at once.
Your skin changes colour to match your surroundings (Stealth+).
Your rubbery body absorbs attacks. (AC +1, EV +1)


Message History

The tarantella moves out of view. x2
An orb of destruction comes into view.
You see here a demonic crawler corpse.
Casting: Lesser Beckoning (safe; 10% risk of failure)
Confirm with . or Enter, or press ? or * to list all spells.
You can't see any susceptible monsters within range! (Use Z to cast anyway.)
The orb of destruction hits you!!!
* * * LOW HITPOINT WARNING * * *
The orb spider begins to weave its threads into a brightly glowing ball.
The tarantella hisses angrily.
You hear an angry hiss.
The tarantella hisses angrily.
You slice the tarantella!!
You feel better.
You kill the tarantella!
Cheibriados thoroughly appreciates the change of pace.
You feel sick.
You hear an angry hiss.
The orb spider weaves a glowing orb of energy.
An orb of destruction comes into view.
The orb of destruction hits you!!!
You die...

... ... .. ..
##. .##.s.
#######s#.[..
#≈...(○.≈##.. #
#....○.......
#≈#≈≈##@.......
#≈≈≈..<...^....
##≈...††...(...
##....††......
#.............
#.............
##............
##...#......#
#####.^....#


You could see an orb spider and a tarantella.

Vanquished Creatures
  Rupert (D:14)
  An ettin (Orc:2)
  Snorg (Orc:2)
  A fire dragon (D:15)
  Fannar (D:10)
  5 hydras
  Harold (D:7)
  An ice dragon (D:15)
  2 ogre magi (D:13)
  7 two-headed ogres
  A death knight (D:15)
  6 orc high priests (Orc:2)
  Sonja (Lair:3)
  A skeletal warrior (D:13)
  A wizard (D:14)
  3 unseen horrors
  A gelid demonspawn (Orc:2)
  Pikel (D:7)
  An infernal demonspawn (Orc:2)
  7 orc knights
  A phantasmal warrior (D:15)
  A wolf spider zombie (D:14)
  3 deep elf magi
  3 manticores
  10 ugly things
  3 cyclopes
  7 orc sorcerers
  6 elephants (Lair:6)
  Maurice (Orc:2)
  A smoke demon (Orc:2)
  4 black mambas
  A gargoyle (D:13)
  2 kobold demonologists
  6 centaur skeletons
  6 spiny frogs
  An efreet (D:15)
  2 yaktaurs (D:13)
  A rime drake (Lair:4)
  2 komodo dragons
  A queen bee (shapeshifter) (D:14)
  A hellwing (Orc:2)
  An ice devil (Orc:2)
  2 red devils (Orc:2)
  A demonic crawler (Spider:1)
  3 meliai (Lair:4)
  4 jumping spiders
  6 trolls
  A hornet (D:10)
  A queen bee (Lair:4)
  A meliai zombie (D:14)
  6 slime creatures
  7 hippogriffs
  7 dream sheep (Lair:4)
  A centaur simulacrum (D:13)
  8 redbacks
  Sigmund (D:2)
  2 tarantellas (Spider:1)
  2 water elementals (D:14)
  A shadow (D:14)
  A ynoxinul (Orc:2)
  29 yaks
  2 basilisks
  3 wraiths
  4 wyverns
  A neqoxec (Orc:2)
  Grum (D:9)
  10 vampire mosquitoes
  A steam dragon (D:13)
  13 water moccasins
  An acid dragon (D:14)
  2 wargs (Orc:1)
  2 soldier ants
  8 porcupines
  A slave (D:7)
  2 black bears
  A hornet zombie (D:15)
  26 orc warriors
  5 ice beasts
  2 sky beasts
  15 ogres
  A necrophage (D:13)
  2 phantoms
  7 wolves
  9 crocodiles
  5 big kobolds
  4 centaurs
  Blork the orc (D:6)
  17 bullfrogs
  A gnoll sergeant (D:9)
  A wyvern zombie (D:12)
  A hornet simulacrum (D:15)
  A water moccasin skeleton (D:7)
  2 wyvern skeletons
  A scorpion (D:8)
  35 killer bees
  10 wights
  3 centaur zombies
  3 crimson imps
  2 howler monkeys (D:13)
  A quasit (D:7)
  3 bullfrog zombies
  A jelly (D:15)
  13 orc priests
  6 hounds
  15 orc wizards
  5 bullfrog skeletons
  7 iguanas
  12 worker ants
  4 hell rats (Lair:5)
  A hound skeleton (D:11)
  8 gnolls (D:9)
  7 adders
  2 shadow imps (D:5)
  2 white imps (IceCv)
  7 ufetubi (IceCv)
  A worm (D:4)
  2 dart slugs (D:1)
  8 leopard geckos
  69 orcs
  4 giant cockroaches
  10 goblins
  10 hobgoblins
  6 jackals
  16 kobolds
  3 quokkas
  A ball python (D:1)
  A ball python skeleton (D:6)
  5 bats
  5 frilled lizards
  A jackal skeleton (D:5)
  A leopard gecko skeleton (D:7)
  2 quokka skeletons
  A quokka zombie (D:5)
  9 rats
  A fungus (D:14)
648 creatures vanquished.

Vanquished Creatures (others)
  A reaper (IceCv)
  A cyclops (D:13)
  A komodo dragon (Lair:5)
  2 yaktaurs (D:13)
  A hippogriff (D:13)
  An acid dragon (D:13)
  An orc wizard (D:6)
  2 white imps (IceCv)
  5 ufetubi (IceCv)
  An adder skeleton (D:7)
  A bush (Lair:4)
  11 fungi
  16 plants
  12 toadstools (D:12)
56 creatures vanquished.

Grand Total: 704 creatures vanquished

Notes
Turn   | Place    | Note
-------+----------+-------------------------------------------
     0 | D:1      | MisterFreud the Octopode Gladiator began the quest for the
                  | Orb.
     0 | D:1      | Reached XP level 1. HP: 14/14 MP: 1/1
    57 | D:1      | Reached XP level 2. HP: 11/19 MP: 2/2
   543 | D:1      | Reached XP level 3. HP: 23/24 MP: 3/3
  1483 | D:2      | Noticed Sigmund
  1487 | D:2      | Killed Sigmund
  1487 | D:2      | Reached XP level 4. HP: 29/29 MP: 4/4
  1487 | D:2      | Reached XP level 5. HP: 34/34 MP: 5/5
  2043 | D:3      | Reached XP level 6. HP: 39/39 MP: 6/6
  2932 | D:4      | Noticed a phantom
  2949 | D:4      | Killed a phantom
  2949 | D:4      | Reached skill level 4 in Dodging
  2949 | D:4      | Reached skill level 1 in Shields
  2949 | D:4      | Reached XP level 7. HP: 28/45 MP: 7/7
  3182 | D:4      | Found a stormy altar of Qazlal.
  3204 | D:5      | Entered Level 5 of the Dungeon
  3204 | D:5      | Found a basalt altar of Yredelemnul.
  3439 | D:5      | Found an iron altar of Okawaru.
  3930 | D:5      | Found a staircase to the Ecumenical Temple.
  3942 | Temple   | Entered the Ecumenical Temple
  4057 | Temple   | Became a worshipper of Cheibriados the Contemplative
  4371 | D:5      | Reached skill level 5 in Dodging
  4371 | D:5      | Reached XP level 8. HP: 17/50 MP: 1/8
  5191 | D:6      | Found a runed translucent door.
  5198 | D:6      | Noticed Esekla's ghost (amateur DEWz)
  5227 | D:6      | Noticed Blork the orc
  5464 | D:6      | Found a runed translucent door.
  5495 | D:6      | Reached * piety under Cheibriados
  5533 | D:6      | Killed Blork the orc
  5533 | D:6      | Reached skill level 6 in Dodging
  5638 | D:6      | Found a runed translucent door.
  5639 | D:6      | Noticed Crazy Yiuf
  5846 | D:7      | Got an iridescent dagger
  5879 | D:7      | Reached skill level 7 in Dodging
  5917 | D:7      | Noticed Harold
  5931 | D:7      | Killed Harold
  5931 | D:7      | Reached skill level 9 in Dodging
  5931 | D:7      | Reached XP level 9. HP: 41/54 MP: 4/9
  6152 | D:7      | Noticed Pikel
  6168 | D:7      | Killed Pikel
  6168 | D:7      | Reached ** piety under Cheibriados
  6168 | D:7      | Reached skill level 10 in Dodging
  6257 | D:7      | Reached skill level 1 in Invocations
  6612 | D:8      | Reached XP level 10. HP: 53/62 MP: 8/11
  7053 | D:8      | Found a staircase to the Lair.
  7094 | D:8      | Found Nownoptu's Assorted Antiques.
  7097 | D:8      | Bought a scroll labeled DOYFAO SUMUGGYP for 27 gold pieces
  7097 | D:8      | Bought a glowing black potion for 24 gold pieces
  7097 | D:8      | Bought a scroll labeled KYADAVEUF for 27 gold pieces
  7097 | D:8      | Bought a scroll labeled ZIKEST DEKUL for 27 gold pieces
  7097 | D:8      | Bought a sharpened ivory wand for 108 gold pieces
  7341 | D:9      | Noticed Grum
  7348 | D:9      | Reached *** piety under Cheibriados
  7357 | D:9      | Killed Grum
  7674 | D:9      | Reached **** piety under Cheibriados
  7892 | D:9      | Reached skill level 1 in Evocations
  7897 | D:10     | Entered Level 10 of the Dungeon
  7972 | D:10     | Found Gafuorch's Gadget Boutique.
  8091 | D:10     | Killed an unseen horror
  8432 | Lair:1   | Entered Level 1 of the Lair of Beasts
  8439 | Lair:1   | Reached skill level 5 in Fighting
  8441 | Lair:1   | Reached skill level 5 in Invocations
  8689 | Lair:1   | Reached XP level 11. HP: 58/72 MP: 13/15
  9384 | Lair:1   | Noticed an oklob plant
  9390 | Lair:1   | Learned a level 3 spell: Ozocubu's Armour
  9808 | Lair:2   | Noticed a four-headed hydra
  9833 | Lair:2   | Killed a 14-headed hydra
  9833 | Lair:2   | Reached skill level 1 in Spellcasting
  9833 | Lair:2   | Reached skill level 1 in Charms
  9833 | Lair:2   | Reached skill level 1 in Ice Magic
  9900 | Lair:2   | Identified a scroll of acquirement
  9913 | Lair:2   | Found a frozen archway.
  9945 | IceCv    | Entered an ice cave
 10018 | IceCv    | Killed a reaper
 10945 | Lair:3   | Reached skill level 10 in Long Blades
 11035 | Lair:3   | Reached skill level 5 in Evocations
 11152 | Lair:3   | Reached ***** piety under Cheibriados
 11220 | Lair:3   | Found a staircase to the Shoals.
 11351 | Lair:3   | Noticed Sonja
 11412 | Lair:3   | Killed Sonja
 11722 | Lair:3   | Reached XP level 12. HP: 79/79 MP: 17/17
 11766 | Lair:3   | Found a hole to the Spider Nest.
 12334 | Lair:4   | Reached skill level 5 in Charms
 12343 | Lair:4   | Reached skill level 5 in Ice Magic
 13307 | Lair:5   | Noticed a four-headed hydra
 13324 | Lair:5   | Reached skill level 11 in Dodging
 13331 | Lair:5   | Killed a four-headed hydra
 13479 | Lair:5   | Found a viscous altar of Jiyva.
 13479 | Lair:5   | Found a staircase to the Slime Pits.
 13998 | Lair:6   | Entered Level 6 of the Lair of Beasts
 14157 | Lair:6   | Reached skill level 12 in Dodging
 14250 | Lair:6   | Reached XP level 13. HP: 73/86 MP: 17/19
 14678 | Lair:6   | Reached skill level 5 in Shields
 15393 | D:10     | Noticed Fannar
 15412 | D:10     | Killed Fannar
 15579 | D:10     | Found a large runed translucent door.
 15579 | D:10     | Found a large runed translucent door.
 15819 | D:10     | Noticed Ratty's ghost (novice DEFE)
 15874 | D:11     | Reached ****** piety under Cheibriados
 16565 | D:12     | Identified the +10 dagger "Nozisoj" {antimagic, *Noise
                  | rElec Int+3} (You found it on level 7 of the Dungeon)
 16633 | D:12     | Reached skill level 13 in Dodging
 16946 | D:12     | Found a blossoming altar of Fedhas.
 17029 | D:12     | Found a staircase to the Orcish Mines.
 17736 | D:13     | Found a flickering gateway to a bazaar.
 17740 | D:13     | Noticed an ogre mage
 17746 | Bazaar   | Entered a bazaar
 17746 | Bazaar   | Found Uroadue's Antique Armour Shoppe.
 17746 | Bazaar   | Found Atiathum's Jewellery Boutique.
 17746 | Bazaar   | Found Tunna's Antique Weapon Shoppe.
 17746 | Bazaar   | Found Fofedgh's Assorted Antiques.
 17748 | Bazaar   | Found Magit's Food Emporium.
 17748 | Bazaar   | Found Pearigg's Armour Shop.
 17764 | Bazaar   | Bought a glowing blue potion for 14 gold pieces
 17768 | Bazaar   | Bought a scroll of identify for 32 gold pieces
 17768 | Bazaar   | Bought a potion of curing for 48 gold pieces
 17768 | Bazaar   | Bought a potion of magic for 128 gold pieces
 17768 | Bazaar   | Bought a scroll of fog for 32 gold pieces
 17768 | Bazaar   | Bought a scroll of fear for 56 gold pieces
 17768 | Bazaar   | Bought a potion of might for 64 gold pieces
 17779 | Bazaar   | Bought an uncursed ring of protection from magic for 275
                  | gold pieces
 17779 | Bazaar   | Bought a +4 ring of protection for 396 gold pieces
 17912 | D:13     | Killed an ogre mage
 18102 | D:13     | Reached XP level 14. HP: 97/97 MP: 16/20
 18132 | D:13     | Reached skill level 14 in Dodging
 18237 | D:13     | Found a gate to the Vaults.
 18557 | D:13     | Identified the Grimoire of Frigorific Execration
 18674 | D:13     | Got an ichor-stained great sword
 18675 | D:13     | Identified the +6 great sword "Kuazirch" {vamp, rC+} (You
                  | found it on level 13 of the Dungeon)
 18861 | D:14     | Found a shadowy altar of Dithmenos.
 18875 | D:14     | Reached skill level 10 in Fighting
 18880 | D:14     | Noticed Rupert
 18893 | D:14     | Killed Rupert
 18893 | D:14     | Reached skill level 15 in Dodging
 19726 | D:15     | Entered Level 15 of the Dungeon
 19750 | D:15     | Reached skill level 16 in Dodging
 20072 | D:15     | Reached XP level 15. HP: 97/103 MP: 18/21
 20299 | D:15     | Found a sacrificial altar of Ru.
 20578 | D:15     | Found a staircase to the Depths.
 20838 | Orc:1    | Entered Level 1 of the Orcish Mines
 21006 | Orc:1    | Found a roughly hewn altar of Beogh.
 21119 | Orc:2    | Entered Level 2 of the Orcish Mines
 21119 | Orc:2    | Noticed Maurice
 21123 | Orc:2    | Killed Maurice
 21442 | Orc:2    | Found a staircase to the Elven Halls.
 21473 | Orc:2    | Noticed Snorg
 21481 | Orc:2    | Killed Snorg
 21483 | Orc:2    | Found Ititin's Distillery.
 21488 | Orc:2    | Found Jimaidduni's General Store.
 21512 | Orc:2    | Reached skill level 17 in Dodging
 22640 | Orc:2    | Found Fexydok's Book Emporium.
 22640 | Orc:2    | Found a one-way gate leading to the halls of Pandemonium.
 22640 | Orc:2    | Found Peanwih's Antique Weapon Shoppe.
 22642 | Orc:2    | Bought a book of Party Tricks for 700 gold pieces
 22646 | Orc:2    | Learned a level 3 spell: Lesser Beckoning
 22677 | Orc:2    | Bought a potion of ambrosia for 104 gold pieces
 22942 | Spider:1 | Entered Level 1 of the Spider Nest
 22957 | Spider:1 | Reached skill level 1 in Translocations
 22986 | Spider:1 | Blown up by an orb spider

Levels and vault maps discovered:
D:1:      dpeg_arrival_pits, layout_basic, minmay_split_cup_large
D:2:      layout_loops_ring, chequers_serial_rivers_micro_c, uniq_sigmund
D:3:      minmay_inner_zag, layout_loops_ring, first_ration,
          mrwooster_statue_mirror, chequers_serial_rivers_micro_d, minivault_4
D:4:      minmay_spotlight, layout_loops_corners, minitemple,
          nicolae_qazlal_eye_of_the_storm
D:5:      layout_basic, yredelemnul_altar_generic,
          minmay_temple_entry_statues_pillars, okawaru_ov_weapons_minmay
D:6:      layout_basic, ebering_ghost_sewer_f, kennysheep_generic_room_3,
          uniq_crazy_yiuf_cottage, uniq_blork_the_orc
D:7:      layout_rooms, uniq_pikel, uniq_harold
D:8:      layout_loops_cross, lair_entry_dummy, serial_shops,
          kennysheep_mini_moat, blue_anna_alchemist [blue_anna_fruit_fields,
          blue_anna_fruit_fields]
D:9:      layout_irregular_city, uniq_grum
D:10:     layout_irregular_city, serial_shops, shop,
          ebering_ghost_disaster_area, uniq_fannar
D:11:     layout_loops_ring
D:12:     layout_irregular_city, orc_0_dummy, gauntlet_entry_generic, tgw_fedhas
D:13:     minmay_triangles_in_corner, layout_cave_pools,
          hangedman_vaults_entry_quadrant_bands, serial_shops, bzr_entry_islet
D:14:     layout_rooms, nicolae_dithmenos_shadow_blocks, fungi_pond_lemuel,
          uniq_rupert
D:15:     grunt_enter_depths_hoard, layout_irregular_city,
          nicolae_ru_awakened_eye, minivault_27
Temple:   hc_temple_tempest_star
Lair:1:   layout_layer_cave, grunt_megastairs_5, minmay_lair_oklob_chamber
Lair:2:   layout_cave_pods, portal_ice_cave_entry_pillars_1,
          chequers_serial_rivers_marsh, grunt_megastairs_3,
          infiniplex_staircase_pool
Lair:3:   layout_cave_pods, shoals_dummy_entry, spider_nest_entry_funnel_web,
          st_stairs_10, beast_lair_carwin_3, uniq_sonja
Lair:4:   layout_roguey [special_room_bee], serial_forest,
          infiniplex_forest_zigzag_1, infiniplex_forest_end_3,
          infiniplex_forest_clump_cross, infiniplex_forest_clump_medium,
          infiniplex_forest_clump_tiny, infiniplex_forest_end_2,
          infiniplex_forest_lined_3, infiniplex_forest_clump_curved,
          infiniplex_forest_clump_curved
Lair:5:   layout_regular_city, dpeg_slime_entry_enclosed_altar, st_stairs_3,
          serial_bayou_shore_b, grunt_megastairs_2
Lair:6:   due_jungle_book, layout_cave_pods, grunt_megastairs_1
Spider:1: layout_spider_delve
Orc:1:    layout_diamond_mine, basic_altar
Orc:2:    pf_orc_diabolical, layout_diamond_mine, uniq_maurice, uniq_snorg

Skill      XL: |  1  2  3  4  5  6  7  8  9 10 11 12 13 14 15 |
---------------+----------------------------------------------+-----
Long Blades    | 4 6 7 8 9 10 11 13 14 | 14.0
Dodging        | 4 5 9 10 12 13 16 17 | 17.9
Shields        | 1 3 4 7 |  7.9
Invocations    | 2 5 6 |  6.0
Fighting       | 5 6 7 9 10 | 10.0
Evocations     | 3 6 |  6.0
Spellcasting   | 3 4 |  4.0
Charms         | 4 6 |  6.0
Ice Magic      | 3 6 |  6.0
Translocations | 1 |  1.6
Throwing       | |  2.0

Action                   |  1- 3 |  4- 6 |  7- 9 | 10-12 | 13-15 || total
-------------------------+-------+-------+-------+-------+-------++-------
Melee: Long sword        |    57 |    63 |   231 |   492 |   386 ||  1229
       Constrict         |    20 |    16 |    50 |    94 |   165 ||   345
       Tentacles         |    13 |    13 |    78 |   244 |   459 ||   807
       Great sword       |       |       |       |       |   364 ||   364
Throw: Throwing net      |       |       |     1 |     1 |     5 ||     7
       Stone             |       |       |       |     1 |       ||     1
       Boomerang         |       |       |       |       |     1 ||     1
 Cast: Ozocubu's Armour  |       |       |       |     9 |    60 ||    69
Invok: Slouch            |       |       |       |     4 |     8 ||    12
Evoke: Wand              |       |       |       |    16 |    12 ||    28
  Use: Scroll            |       |       |     8 |    19 |    13 ||    40
       Potion            |       |       |     4 |     4 |     3 ||    11
 Stab: Sleeping          |    10 |     9 |     4 |     7 |     8 ||    38
       Distracted        |       |       |     1 |     2 |     2 ||     5
       Held in net/web   |       |       |     1 |       |       ||     1
       Paralysed         |       |       |       |    16 |       ||    16
  Eat: Chunk             |     2 |     4 |    11 |    23 |    12 ||    52
Armor: Skin              |     6 |     4 |    19 |    58 |   122 ||   209
Dodge: Dodged            |    42 |    37 |   134 |   517 |   946 ||  1676
Block: Buckler           |       |     1 |    47 |   206 |   192 ||   446
       Reflection        |       |       |       |       |    19 ||    19
       Other             |       |       |       |       |    57 ||    57
       Rpst.: Long sword |    14 |    12 |    37 |   145 |    82 ||   290
       Great sword       |       |       |       |       |   122 ||   122

Table legend:
 A = Non-vault XP
 B = Vault XP
 C = Vault XP percentage of total XP
 D = Non-vault monster count
 E = Vault monster count
 F = Vault count percentage of total count
                 A         B        C        D         E       F
            +---------+---------+-------+---------+---------+-------
      Total |   71074 |   47020 |  39.8 |     471 |     180 |  27.6
            +---------+---------+-------+---------+---------+-------
        D:1 |      53 |       8 |  13.1 |      28 |       4 |  12.5
        D:2 |      20 |     227 |  91.9 |      11 |       1 |   8.3
        D:3 |      34 |      22 |  39.3 |      14 |       6 |  30.0
        D:4 |     207 |      85 |  29.1 |       8 |       3 |  27.3
        D:5 |     844 |       0 |   0.0 |      26 |       0 |   0.0
        D:6 |     214 |      97 |  31.2 |       9 |       2 |  18.2
        D:7 |    1008 |    1660 |  62.2 |      24 |       2 |   7.7
        D:8 |     510 |     103 |  16.8 |       8 |       1 |  11.1
        D:9 |    1331 |     416 |  23.8 |      30 |       3 |   9.1
       D:10 |    2052 |    1028 |  33.4 |      19 |       1 |   5.0
       D:11 |    2648 |       0 |   0.0 |      23 |       0 |   0.0
       D:12 |    4525 |       0 |   0.0 |      20 |       0 |   0.0
       D:13 |   10574 |   10945 |  50.9 |      41 |      34 |  45.3
       D:14 |   12927 |    2882 |  18.2 |      47 |       1 |   2.1
       D:15 |    8428 |    2040 |  19.5 |      39 |       2 |   4.9
     Lair:1 |    1481 |     302 |  16.9 |       7 |       2 |  22.2
     Lair:2 |    2479 |    1372 |  35.6 |      14 |       4 |  22.2
     Lair:3 |    3187 |    2882 |  47.5 |      12 |      10 |  45.5
     Lair:4 |    2620 |    2419 |  48.0 |      12 |      24 |  66.7
     Lair:5 |    2366 |    1355 |  36.4 |      18 |       3 |  14.3
     Lair:6 |    5881 |     857 |  12.7 |      21 |       4 |  16.0
   Spider:1 |    2802 |       0 |   0.0 |      11 |       0 |   0.0
      Orc:1 |    2141 |       0 |   0.0 |      10 |       0 |   0.0
      Orc:2 |    2742 |   18253 |  86.9 |      19 |      64 |  77.1
      IceCv |       0 |      67 | 100.0 |       0 |       9 | 100.0
            +---------+---------+-------+---------+---------+-------
